 Dungeon Crawl Stone Soup version 0.29.1-1-gd02db6906a (webtiles) character file.

Game seed: 16237983255895298884

78 LustLizard the Magician (level 4, -7/31 HPs)
             Began as a Djinni Ice Elementalist on Sept 26, 2022.
             Mangled by a gnoll
             ... wielding a +0 spear
              (8 damage)
             ... on level 2 of the Dungeon.
             The game lasted 00:03:13 (2119 turns).

LustLizard the Magician (Djinni Ice Elementalist)   Turns: 2119, Time: 00:03:14

Health: -7/31      AC:  8    Str:  7    XL:     4   Next: 61%
Gold:   65         EV: 13    Int: 18    God:
                   SH:  0    Dex: 14

rFire   + + .      SeeInvis .   l - +2 dagger (speed)
rCold   x . .      Faith    .   (no shield)
rNeg    . . .      Spirit   .   a - +0 robe
rPois   ∞          Reflect  .   (no helmet)
rElec   .          Harm     .   (no cloak)
rCorr   .          Rampage  .   (no gloves)
Will    .....                   (boots unavailable)
Stlth   ++........              (no amulet)
HPRegen 0.10/turn               (no ring)
MPRegen 0.00/turn               (no ring)

@: ice-armoured, freezing walls, flying
A: sickness immunity, fire resistance 2, cold vulnerability 1, float, innate
caster, HP casting, extra vitality 1
a: no special abilities


You were on level 2 of the Dungeon.
You visited 1 branch of the dungeon, and saw 2 of its levels.

You collected 65 gold pieces.

Inventory:

Hand Weapons
 c - a +0 dagger
 h - a +1 spear of flaming
 l - a +2 dagger of speed (weapon)
Armour
 a - a +0 robe (worn)
Jewellery
 f - a ring of protection from fire
Scrolls
 d - a scroll of summoning {unknown}
 g - a scroll of enchant armour {unknown}
 j - a scroll of amnesia {unknown}
 k - a scroll of vulnerability {unknown}
Potions
 b - a potion of curing
 e - a potion of berserk rage
 i - 2 potions of brilliance


   Skills:
 + Level 3.1 Dodging
 + Level 2.4 Stealth
 * Level 3.9 Spellcasting


You couldn't memorise any spells.
You knew the following spells:

 Your Spells              Type           Power      Damage    Failure   Level
a - Freeze                Ice            68%        1d8       3%          1
b - Frozen Ramparts       Ice            34%        1d6       9%          3
c - Ozocubu's Armour      Ice            17%        N/A       9%          3
d - Hailstorm             Conj/Ice       17%        3d6       28%         4
e - Necrotise             Necr           68%        1d7       3%          1
Your spell library was empty.

Dungeon Overview and Level Annotations

Branches:
Dungeon (2/15)

Altars:

Shops:
D:1 [


Innate Abilities, Weirdness & Mutations

You are immune to sickness and miasma.
You are immune to poison.
Your flesh is very heat resistant. (rF++)
You are vulnerable to cold. (rC-)
You float through the air rather than walking.
You learn spells naturally, not from books.
Your magical power is your life essence.
You have superior vitality. (+4 MHP)


Message History

Confirm with . or Enter, or press ? or * to list all spells.
The spell is quite dangerous to miscast (10% risk of failure)!
Continue anyway?
Casting: Frozen Ramparts (quite dangerous; 10% risk of failure)
Press: ? - help, Dir - look around, f - activate The walls around you are covered in ice.
The wall freezes the gnoll.
The gnoll hits you from afar with a +0 spear.
The wall freezes the gnoll.
You kill the gnoll!
Your Dodging skill increases to level 3!
The wall freezes the gnoll.
The wall freezes the gnoll but does no damage.
The gnoll barely misses you.
The wall freezes the gnoll.
The wall freezes the gnoll.
The gnoll hits you with a +0 flail!
* * * LOW HITPOINT WARNING * * *
The wall freezes the gnoll. x2; The gnoll closely misses you.
You hit the gnoll.
The gnoll is heavily wounded.
The wall freezes the gnoll.
The gnoll closely misses you.
The wall freezes the gnoll.
The gnoll barely misses you.
The wall freezes the gnoll.
You closely miss the gnoll.
The gnoll is severely wounded.
The wall freezes the gnoll.
You kill the gnoll!
The wall freezes the gnoll.
The wall freezes the gnoll but does no damage.
The gnoll barely misses you.
You hit the gnoll but do no damage.
The gnoll is severely wounded.
You hit the gnoll but do no damage.
The gnoll is severely wounded.
The wall freezes the gnoll.
You kill the gnoll!
The wall freezes the gnoll.
The gnoll hits you from afar with a +0 spear.
* * * LOW HITPOINT WARNING * * *
The wall freezes the gnoll.
The gnoll hits you from afar with a +0 spear!
You die...

#......### #.......# .
#...#...#.# ..
###.#####.# ... # #.#
...! ### #.########
..... ##.# #.#.......
.....g####..# #.#......)
....).)@....#.#.#...)..w
##########.##.#.#....###
#.....##...#......#
####.########.#......#
#.............+..####.
#.##.##########......#
#....# #......# ######
#....### #.....w.


You could see a gnoll.

Vanquished Creatures
  3 gnolls (D:2)
  An adder (D:2)
  A dart slug (D:1)
  2 ball pythons (D:2)
  3 endoplasms
  4 giant cockroaches
  4 hobgoblins
  5 quokkas
  2 frilled lizards (D:1)
  5 goblins
  2 kobolds
  4 rats (D:1)
36 creatures vanquished.

Vanquished Creatures (others)
  A fungus (D:2)
  A plant (D:2)
2 creatures vanquished.

Grand Total: 38 creatures vanquished

Notes
Turn   | Place    | Note
-------+----------+-------------------------------------------
     0 | D:1      | LustLizard the Djinni Ice Elementalist began the quest for
                  | the Orb.
     0 | D:1      | LustLizard set off with the following spells memorised:
                  | Freeze, Frozen Ramparts, Ozocubu's Armour, Hailstorm.
     0 | D:1      | Reached XP level 1. HP: 15/15 MP: 0/0
   423 | D:1      | Found Ydiriz's Antique Armour Shop.
   429 | D:1      | Reached XP level 2. HP: 20/21 MP: 0/0
   781 | D:1      | Reached XP level 3. HP: 9/25 MP: 0/0
   781 | D:1      | Learned a level 1 spell: Necrotise
  1745 | D:2      | Found a faded altar of an unknown god.
  1936 | D:2      | Reached XP level 4. HP: 24/31 MP: 0/0
  2118 | D:2      | HP: 1/31 [gnoll/+0 spear (4)]
  2119 | D:2      | Mangled by a gnoll

Illustrated notes

Levels and vault maps discovered:
D:1:      elethiomel_arrival_infinity_welcomes_careful_drivers,
          layout_loops_corners, serial_shops, shop, minmay_tetromino_l2
D:2:      layout_basic, shapermc_ecumenical_altar_mp_ritualfount,
          kennysheep_generic_room_16

Skill      XL: |  1  2  3  4 |
---------------+-------------+-----
Stealth        | 2 |  2.4
Dodging        | 3 |  3.1
Spellcasting   | |  3.9

Action                   |  1- 3 |  4- 6 || total
-------------------------+-------+-------++-------
Melee: Unarmed           |     2 |       ||     2
       Dagger            |     9 |     6 ||    15
       Spear             |    31 |       ||    31
 Cast: Freeze            |    25 |       ||    25
       Frozen Ramparts   |     1 |     2 ||     3
       Ozocubu's Armour  |       |     1 ||     1
  Use: Scroll            |     3 |       ||     3
 Stab: Sleeping          |     4 |       ||     4
Armor: Robe              |     3 |     1 ||     4
Dodge: Dodged            |    19 |     7 ||    26
